 Dungeon Sprint DCSS version 0.20-a0-792-g09bcfd3 (webtiles) character file.

0 esc the Sneak (level 1, -1/10 HPs)
             Began as a Vine Stalker Enchanter on Feb 28, 2017.
             Slain by Sigmund
             ... wielding a +0 scythe
              (6 damage)
             ... in the Dungeon (Sprint VI: "Thunderdome").
             The game lasted 00:02:37 (138 turns).

esc the Sneak (Vine Stalker Enchanter)               Turns: 138, Time: 00:02:38

Health: -1/10      AC:  2    Str: 10    XL:     1   Next: 90%
Magic:  0/5        EV: 13    Int: 15    God:
Gold:   65         SH:  2    Dex: 23    Spells: 4/5 levels left

rFire    + . .     SeeInvis .   a - +1 dagger
rCold    . . .     Gourm    .   b - +0 robe
rNeg     . . .     Faith    .   (no shield)
rPois    +         Spirit   +   (no helmet)
rElec    .         Reflect  +   (no cloak)
rCorr    .         Harm     .   (no gloves)
MR       .....     NoTele   +   (no boots)
Stlth    +++.......             q - amulet "Duykan" {Reflect Dex+3 SH+2}
Regen    0.1/turn               o - ring of Nomorid {rF+ Dex+4}
MPRegen  0.1/turn               p - ring "Tommovu" {rPois Dex+2}

@: exhausted, slowed, very slow
A: fangs 2, magic shield, antimagic bite, no potion heal 3, rot immunity
a: no special abilities


You were in the Dungeon.
You were not hungry.

You visited 1 branch You collected 200 gold pieces.
You spent 135 gold pieces at shops.

Inventory:

Hand Weapons
 a - a +1 dagger (weapon)
Armour
 b - a +0 robe (worn)
Jewellery
 o - the ring of Nomorid (right hand) {rF+ Dex+4}
   (You bought it in a shop in the Dungeon)

   [ring of protection from fire]

   It affects your dexterity (+4).
   It protects you from fire.
 p - the ring "Tommovu" (left hand) {rPois Dex+2}
   (You bought it in a shop in the Dungeon)

   [ring of dexterity]

   It affects your dexterity (+2).
   It protects you from poison.
 q - the amulet "Duykan" (around neck) {Reflect Dex+3 SH+2}
   (You bought it in a shop in the Dungeon)

   [amulet of reflection]

   It shields you and reflects attacks.
   It affects your dexterity (+3).
   It affects your SH (+2).
Wands
 k - a wand of acid (5/15)
   (You found it in the Dungeon)
 l - a wand of iceblast (5/15)
   (You found it in the Dungeon)
Scrolls
 j - 4 scrolls of blinking {!r}
 m - 3 scrolls of fog
Potions
 f - 4 potions of heal wounds
 g - 4 potions of haste
 h - 2 potions of magic
 n - a potion of resistance
Books
 c - a book of Maledictions
Comestibles
 d - a bread ration {@e1}
 r - 2 chunks of flesh {@w0}


   Skills:
 + Level 1.3 Fighting
 + Level 1.3 Short Blades
 + Level 1.8 Dodging
 + Level 4.1 Stealth
 + Level 2.7 Spellcasting
 + Level 3.2 Hexes


You had 4 spell levels left.
You knew the following spells:

 Your Spells              Type           Power        Failure   Level  Hunger
v - Corona                Hex            ##.....      8%          1    #......


Dungeon Overview and Level Annotations

Branches:
Dungeon (1/1)

Altars:
Cheibriados
Dithmenos
Fedhas
Gozag
Kikubaaqudgha
Makhleb
Okawaru
Qazlal
Ru
Sif Muna
Trog
Uskayaw
Vehumet
Wu Jian
Xom
Yredelemnul
Zin
The Shining One
Beogh
Jiyva
Lugonu

Shops:
D *[%??*?*:[((!!!!

Annotations:
D Jessica, Sigmund


Innate Abilities, Weirdness & Mutations

You have extremely sharp teeth.
When hurt, damage is shared between your health and your magic reserves.
Your bite disrupts and absorbs the magic of your enemies.
Potions cannot restore your health.
You are immune to rotting.


Message History

Found three shops.
Found three altars.
Found an ornate altar of the Wu Jian Council.
You strike the helpless leopard gecko from behind!
You puncture the leopard gecko!
You kill the leopard gecko!
Your Short Blades skill increases to level 1!
Okay, then.
Found an ancient bone altar of Kikubaaqudgha.
Found Itwoidi's Distillery and Wumpux's Do-It-Yourself Clinic.
Found three altars.
Found Zidweuc's Distillery and Bapiq's Bottled Wisdom.
Found a viscous altar of Jiyva.
Found a shimmering altar of Xom.
Found a sacrificial altar of Ru.
Found Iloi's Weapon Rack.
A giant cockroach comes into view.
The giant cockroach moves out of view.
Found three shops.
Found three altars.
The giant cockroach bites you but does no damage.
You barely miss the giant cockroach.
You bite the giant cockroach, but do no damage.
The giant cockroach completely misses you.
You hit the giant cockroach.
The giant cockroach bites you but does no damage.
You hit the giant cockroach. The giant cockroach barely misses you.
You closely miss the giant cockroach. The giant cockroach closely misses you.
You hit the giant cockroach. Your bite misses the giant cockroach.
The giant cockroach misses you.
You hit the giant cockroach.
You kill the giant cockroach!
Your Fighting skill increases to level 1!
Health restored: 10 No target in view!
No target in view!
No target in view!
No target in view!
No target in view!
There is a stormy altar of Qazlal here.
You see here a giant cockroach corpse.
You butcher the giant cockroach corpse.
r - 2 chunks of flesh {@w0}
There is a stormy altar of Qazlal here.
MP restored: 5 A rat comes into view.
The rat misses you.
You hit the rat but do no damage. You bite the rat. You drain its power.
You kill the rat!
Sigmund the Dreaded comes into view.
He is wielding a scythe.
Okay, then.
Okay, then.
Okay, then.
There is a staircase leading out of the dungeon here.
An orc comes into view. It is wielding a club.
The orc shouts!
You hit the orc. You bite the orc, but do no damage.
The orc closely misses you.
Sigmund shouts!
You hit the orc but do no damage. The orc barely misses you.
You hit the orc. You bite the orc. You drain its power.
You kill the orc!
Your Stealth skill increases to level 4!
Okay, then.
Really quaff
i - a potion of berserk rage {!q}?
A red film seems to cover your vision as you go berserk!
You feel yourself moving faster!
You feel mighty! Sigmund gestures at you while chanting.
You are confused.
You now have 15/15 hp.
You are too berserk!
You feel a strong urge to attack something.
Jessica the Apprentice Sorceress comes into view.
She is wielding a dagger of speed.
Jessica shouts!
Sigmund closely misses you.
Unknown command.
You're too confused to move!
You feel your anger subside.
You are no longer berserk.
You are exhausted.
You feel yourself slow down.
Jessica gestures wildly.
You now have 10/10 hp.
Unknown command.
Your system rejects the healing.
You feel better. Sigmund barely misses you. Sigmund hits you with a scythe.
You now have 4/5 mp.
You hit Sigmund but do no damage. Sigmund barely misses you.
You hit Sigmund. You bite Sigmund, but do no damage.
Sigmund hits you with a scythe!
Ouch! That really hurt!
You take 5 damage, and have 5/10 hp.
MASSIVE DAMAGE!!
You now have 2/5 mp.
Okay, then.
You barely miss Sigmund. You bite Sigmund, but do no damage.
Sigmund mumbles some strange words.
Sigmund flickers and vanishes!
Deactivating autopickup; reactivate with Ctrl-A.
Jessica gestures at you while chanting.
You barely resist. Something hits you!
Ouch! That really hurt!
You die...

###.........### #⌠...........§#
######.8.........8.######
##∩_._......###......_._∩##
###∩......).8.# #.8........∩##
#.............###.............
#⌠..........###{..###..........
#⌠..........# #.@.# #..........
#⌠..........###.@.###..........
##.............###.............
###∩........8.# #.8........∩##
##∩_._......###......___∩##
######.8.........8.######
#⌠...........⌠# ###.........###
#_......._# #_......._#


You could see Jessica.

Vanquished Creatures
  A leopard gecko (D)
  An orc (D)
  A giant cockroach (D)
  A rat (D)
4 creatures vanquished.

Notes
Turn   | Place    | Note
-------+----------+-------------------------------------------
     0 | D        | esc the Vine Stalker Enchanter began the quest for the Orb.
     0 | D        | Reached XP level 1. HP: 9/9 MP: 4/4
     1 | D        | Found an opulent altar of Gozag.
     1 | D        | Found an iron altar of Okawaru.
     2 | D        | Found a basalt altar of Yredelemnul.
     3 | D        | Found a radiant altar of Vehumet.
     3 | D        | Found a glowing golden altar of the Shining One.
     4 | D        | Found Doarochu's Bee Food.
     4 | D        | Found a stormy altar of Qazlal.
     4 | D        | Found Qiopiol's Identification Station.
     5 | D        | Found Jiemn's Jewellery.
     5 | D        | Found Jyown's Advanced Armour.
     5 | D        | Round 1.
    13 | D        | Bought a wavering lead ring for 45 gold pieces
    13 | D        | Bought a crude iron ring for 45 gold pieces
    13 | D        | Bought a sparkling silver amulet for 45 gold pieces
    13 | D        | Identified the amulet "Duykan" {Reflect Dex+3 SH+2} (You bought it in a shop in the Dungeon)
    14 | D        | Identified the ring "Tommovu" {rPois Dex+2} (You bought it in a shop in the Dungeon)
    15 | D        | Identified the ring of Nomorid {rF+ Dex+4} (You bought it in a shop in the Dungeon)
    21 | D        | Found a roughly hewn altar of Beogh.
    23 | D        | Found Woiroam's Magic Scroll Shop.
    24 | D        | Found a hide-covered altar of Uskayaw.
    24 | D        | Found a bloodstained altar of Trog.
    24 | D        | Found a burning altar of Makhleb.
    24 | D        | Found Hidduf's Staff Store.
    24 | D        | Found Pevud's Magic Scroll Shop.
    24 | D        | Found Qeyqeg's Must-Have Magic.
    28 | D        | Found an ornate altar of the Wu Jian Council.
    29 | D        | Reached skill level 1 in Short Blades
    31 | D        | Found an ancient bone altar of Kikubaaqudgha.
    32 | D        | Found Itwoidi's Distillery.
    32 | D        | Found a deep blue altar of Sif Muna.
    32 | D        | Found a snail-covered altar of Cheibriados.
    32 | D        | Found a corrupted altar of Lugonu.
    32 | D        | Found Wumpux's Do-It-Yourself Clinic.
    33 | D        | Found Zidweuc's Distillery.
    33 | D        | Found Bapiq's Bottled Wisdom.
    36 | D        | Found a viscous altar of Jiyva.
    37 | D        | Found a shimmering altar of Xom.
    38 | D        | Found a sacrificial altar of Ru.
    39 | D        | Found Iloi's Weapon Rack.
    40 | D        | Found a glowing silver altar of Zin.
    40 | D        | Found a shadowy altar of Dithmenos.
    40 | D        | Found a blossoming altar of Fedhas.
    40 | D        | Found Bafac's Premium Goods.
    40 | D        | Found Jeob's Basic Armour.
    40 | D        | Found Madghemm's Miscellaneous Merchandise.
    56 | D        | Reached skill level 1 in Fighting
   105 | D        | Noticed Sigmund
   120 | D        | Reached skill level 4 in Stealth
   131 | D        | Noticed Jessica
   138 | D        | Slain by Sigmund

Vault maps used:
D:        arena_sprint

Skill      XL: |  1 |
---------------+----+-----
Short Blades   | 1 |  1.3
Fighting       | 1 |  1.3
Stealth        | 4 |  4.1
Dodging        | |  1.8
Spellcasting   | |  2.7
Hexes          | |  3.2

Action                   || total
-------------------------++-------
Melee: Dagger            ||    14
       Bite              ||     6
  Use: Potion            ||     2
 Stab: Distracted        ||     1
Armor: Robe              ||     2
Dodge: Dodged            ||    10

Vault maps used:
D:        arena_sprint

Table legend:
 A = Turns spent in this place as a percentage of turns spent in the entire game.
 B = Non-inter-level travel turns spent in this place as a percentage of non-inter-level travel turns spent in the entire game.
 C = Inter-level travel turns spent in this place as a percentage of turns spent in this place.
 D = Turns resting spent in this place as a percentage of non-inter-level travel turns spent in this place.
 E = Turns spent auto-exploring this place as a percentage of non-inter-level travel turns spent in this place.
 F = Non-inter-level travel turns spent in this place divided by the number of levels of this place that you've seen.
                   A       B       C       D       E      F
               +-------+-------+-------+-------+-------+----------------------
         Total | 100.0 | 100.0 |   0.0 |   0.0 |   0.0 | 155.0
       Dungeon | 100.0 | 100.0 |   0.0 |   0.0 |   0.0 | 155.0
               +-------+-------+-------+-------+-------+----------------------

Table legend:
 A = Kills in this place as a percentage of kills in entire the game.
 B = Kills by you in this place as a percentage of kills by you in the entire game.
 C = Kills by friends in this place as a percentage of kills by friends in the entire game.
 D = Other kills in this place as a percentage of other kills in the entire game.
 E = Experience gained in this place as a percentage of experience gained in the entire game.
 F = Experience gained in this place divided by the number of levels of this place that you have seen.
                   A       B       C       D       E      F
               +-------+-------+-------+-------+-------+----------------------
         Total | 100.0 | 100.0 |  -nan |  -nan | 100.0 |   9.0
       Dungeon | 100.0 | 100.0 |  -nan |  -nan | 100.0 |   9.0
               +-------+-------+-------+-------+-------+----------------------
